 Dungeon Crawl Stone Soup version 0.30-a0-55-g90e3122c3a (webtiles) character file.

Game seed: 1021315952435307119

8230 Decritt the Fighter (level 11, -3/73 HPs)
             Began as a Gargoyle Fighter on Sept 9, 2022.
             Was a Believer of Ru.
             Slain by a two-headed ogre
             ... wielding a +0 giant club
              (17 damage)
             ... on level 10 of the Dungeon.
             The game lasted 00:26:43 (10945 turns).

Decritt the Fighter (Gargoyle Fighter)             Turns: 10945, Time: 00:26:43

Health: -3/73      AC: 24    Str: 26    XL:     11   Next: 27%
Magic:  11/11      EV:  8    Int: 10    God:    Ru [**....]
Gold:   387        SH:  5    Dex: 11    Spells: 10/10 levels left

rFire   + . .      SeeInvis +    j - +5 flail "Mehashypp" {venom, Fragile rF+ Str+5}
rCold   . . .      Faith    .    c - +0 buckler
rNeg    + . .      Spirit   .    m - +0 plate armour
rPois   ∞          Reflect  .    (no helmet)
rElec   +          Harm     .    (no cloak)
rCorr   .          Rampage  .    g - +0 pair of gloves
Will    +....                    q - +0 pair of boots
Stlth   ..........               (no amulet)
HPRegen 0.22/turn                n - ring of willpower
MPRegen 0.12/turn                h - ring of see invisible

@: no status effects
A: sickness immunity, AC +8, negative energy resistance 1, electricity
resistance, torment resistance 1, petrification resistance, no stealth, no
conjurations magic, no ice magic, no transmutations magic
a: Renounce Religion


You were on level 10 of the Dungeon.
You worshipped Ru.
Ru was pleased with you.
You visited 2 branches of the dungeon, and saw 11 of its levels.

You collected 387 gold pieces.

Inventory:

Hand Weapons
 j - the +5 flail "Mehashypp" (weapon) {venom, Fragile rF+ Str+5}
   (You found it on level 5 of the Dungeon)

   It poisons the flesh of those it strikes.
   Str:       It affects your strength (+5).
   rF:        It protects you from fire.
   Fragile:   It will be destroyed if unequipped.
 o - the +4 whip of the Invisible Stories {vorpal, Str+6}
   (You found it on level 8 of the Dungeon)

   It inflicts extra damage upon your enemies.
   Str:       It affects your strength (+6).
Missiles
 x - a throwing net (quivered)
Armour
 c - a +0 buckler (worn)
 g - a +0 pair of gloves (worn)
 m - a +0 plate armour (worn)
 q - a +0 pair of boots (worn)
Jewellery
 h - a ring of see invisible (right hand)
 n - a ring of willpower (left hand)
 p - a ring of protection from cold
 u - a ring of positive energy
Wands
 a - a wand of polymorph (9)
 r - a wand of roots (2)
 w - a wand of digging (5)
 y - a wand of mindburst (17)
 B - a wand of acid (17)
Scrolls
 b - 2 scrolls of fear
 f - 3 scrolls of teleportation
 z - a scroll of poison
 A - a scroll of summoning
 C - a scroll of brand weapon
Potions
 d - 3 potions of might
 e - a potion of haste
 i - a potion of invisibility {unknown}
 k - a potion of resistance
 l - 3 potions of curing
 s - 2 potions of mutation
 t - a potion of ambrosia {unknown}
 v - 3 potions of flight


   Skills:
 * Level 10.9 Fighting
 * Level 9.7 Maces & Flails
 + Level 1.7 Throwing
 + Level 8.1 Armour
 + Level 5.3 Dodging
 - Level 6.3 Shields


You had 10 spell levels left.
You didn't know any spells.
Your spell library contained the following spells:

 Spells                   Type           Power      Damage    Failure   Level
 Call Imp                 Summ           0%         N/A       100%        2
 Anguish                  Hex/Necr       0%         N/A       100%        4
 Summon Mana Viper        Hex/Summ       0%         N/A       100%        5
 Monstrous Menagerie      Summ           0%         N/A       100%        7
 Summon Hydra             Summ           0%         N/A       100%        7
 Magic Dart               Conj           Unusable   1d3       N/A         1
 Ensorcelled Hibernation  Hex/Ice        Unusable   N/A       N/A         2
 Sublimation of Blood     Necr           Unusable   N/A       N/A         2
 Wereblood                Tmut           Unusable   N/A       N/A         2
 Mephitic Cloud           Conj/Pois/Air  Unusable   N/A       N/A         3
 Spider Form              Tmut/Pois      Unusable   N/A       N/A         3
 Summon Ice Beast         Ice/Summ       Unusable   N/A       N/A         4

Dungeon Overview and Level Annotations

Branches:
Dungeon (10/15)            Temple (1/1) D:6            Lair (0/5) D:8
    Orc: D:9-12

Altars:
Ashenzari
Cheibriados
Dithmenos
Elyvilon
Fedhas
Gozag
Hepliaklqana
Kikubaaqudgha
Makhleb
Nemelex Xobeh
Okawaru
Qazlal
Ru
Sif Muna
Trog
Uskayaw
Vehumet
Wu Jian
Xom
Yredelemnul
The Shining One


Innate Abilities, Weirdness & Mutations

You are immune to sickness and miasma.
Your stone body is resilient. (AC +8)
You are immune to poison.
You resist negative energy. (rN+)
You are resistant to electric shocks. (rElec)
You are resistant to unholy torment.
You are immune to petrification.
You cannot be stealthy.
You cannot study or cast Conjurations magic.
You cannot study or cast Ice magic.
You cannot study or cast Transmutations magic.


Message History

There is a stone staircase leading down here.
The centaur drinks a potion.
The centaur seems to speed up.
You block the two-headed ogre's attack. The two-headed ogre barely misses you.
The centaur shoots an arrow.
The arrow hits you but does no damage.
You climb downwards.
There is a stone staircase leading up here.
You hit the two-headed ogre.
The two-headed ogre is lightly wounded.
The two-headed ogre hits you but does no damage.
The two-headed ogre completely misses you.
You sock the two-headed ogre!
The two-headed ogre is moderately wounded.
You hit the two-headed ogre.
The two-headed ogre is poisoned.
The two-headed ogre is moderately wounded.
The two-headed ogre hits you with a +0 giant club!!
* * * LOW HITPOINT WARNING * * *
You block the two-headed ogre's attack.
You sock the two-headed ogre!
The two-headed ogre is severely wounded.
The two-headed ogre hits you but does no damage. x2
You hit the two-headed ogre.
The two-headed ogre is severely wounded.
You completely miss the two-headed ogre.
The two-headed ogre is severely wounded.
The two-headed ogre hits you with a +0 giant club.
* * * LOW HITPOINT WARNING * * *
The two-headed ogre hits you with a +0 giant club!
* * * LOW HITPOINT WARNING * * *
The two-headed ogre attacks as you move away!
The two-headed ogre hits you but does no damage. x2
Found a scroll of fear.
Throw: 2 throwing nets
Press: ? - help, Q - select action, (/) - cycle Shift-Dir - straight line, f - two-headed ogre
Aim: a two-headed ogre, wielding two +0 giant clubs (almost dead, poisoned, 76% to hit)
You throw a throwing net.
The throwing net barely misses the two-headed ogre.
The two-headed ogre attacks as you move away!
The two-headed ogre hits you with a +0 giant club!
You die...

#.# #.# #.#
#.# #.# #<#
#(##
#.#O####.#
..###@.?..#
###
#.######
#.# #. #


You could see a two-headed ogre (poisoned).

Vanquished Creatures
  A boulder beetle (D:8)
  A two-headed ogre (D:9)
  3 unseen horror zombies (D:8)
  2 trolls
  2 hornets
  3 wyverns
  3 yaks (D:9)
  A wraith (D:8)
  A vampire mosquito (D:8)
  A steam dragon (D:7)
  An acid dragon (D:8)
  4 water moccasins
  5 orc warriors
  A black bear (D:8)
  An ice beast (D:6)
  2 ogres
  4 centaurs
  3 phantoms
  2 kobold brigands (D:9)
  2 gnoll sergeants
  2 bullfrogs
  A wyvern zombie (D:8)
  10 wights
  2 howler monkeys
  3 centaur zombies (D:8)
  2 hounds
  6 orc priests
  A gnoll bouda (D:9)
  4 iguanas
  9 orc wizards
  A killer bee zombie (D:8)
  A howler monkey zombie (D:8)
  5 adders
  10 gnolls
  A shadow imp (D:5)
  2 ufetubi
  A worm (D:4)
  3 dart slugs
  25 orcs
  7 ball pythons
  8 bats
  3 endoplasms
  5 giant cockroaches
  A goblin (D:1)
  10 hobgoblins
  8 kobolds
  A quokka (D:2)
  2 frilled lizards
  5 rats
182 creatures vanquished.

Vanquished Creatures (others)
  An ugly thing (D:8)
  3 demonic plants (D:3)
4 creatures vanquished.

Grand Total: 186 creatures vanquished

Notes
Turn   | Place    | Note
-------+----------+-------------------------------------------
     0 | D:1      | Decritt the Gargoyle Fighter began the quest for the Orb.
     0 | D:1      | Reached XP level 1. HP: 14/14 MP: 1/1
   133 | D:1      | Reached XP level 2. HP: 11/19 MP: 2/2
   792 | D:2      | Reached XP level 3. HP: 19/24 MP: 3/3
  1312 | D:2      | Reached skill level 4 in Fighting
  1689 | D:3      | Reached XP level 4. HP: 27/29 MP: 4/4
  1734 | D:3      | Found a sacrificial altar of Ru.
  1751 | D:3      | Became a worshipper of Ru the Awakened
  1835 | D:3      | Found a faded altar of an unknown god.
  2203 | D:4      | Found a shimmering altar of Xom.
  2203 | D:4      | Noticed a phantom
  2217 | D:4      | Killed a phantom
  2218 | D:4      | Reached XP level 5. HP: 27/34 MP: 5/5
  2221 | D:4      | Reached skill level 1 in Dodging
  2495 | D:4      | Reached XP level 6. HP: 17/39 MP: 6/6
  2728 | D:4      | Reached skill level 5 in Fighting
  3037 | D:4      | Reached XP level 7. HP: 36/44 MP: 7/7
  3127 | D:4      | Found a broken altar of Ashenzari.
  3450 | D:5      | Entered Level 5 of the Dungeon
  4017 | D:4      | Reached skill level 5 in Shields
  4292 | D:5      | Identified the +5 flail "Mehashypp" {venom, Fragile rF+
                  | Str+5}
  4315 | D:5      | Reached skill level 6 in Fighting
  4315 | D:5      | Reached XP level 8. HP: 49/51 MP: 8/8
  4326 | D:5      | Gained mutation: You cannot be stealthy. [Ru sacrifice]
  4352 | D:5      | Reached skill level 5 in Maces & Flails
  4366 | D:5      | Reached skill level 5 in Armour
  4752 | D:5      | You fall into a shaft and drop 1 floor!
  5124 | D:6      | Found a staircase to the Ecumenical Temple.
  5165 | Temple   | Entered the Ecumenical Temple
  5881 | D:6      | Reached skill level 7 in Fighting
  6156 | D:7      | Reached XP level 9. HP: 56/57 MP: 9/9
  6679 | D:7      | Noticed a hornet
  6691 | D:7      | Killed a hornet
  7055 | D:7      | Gained mutation: You cannot study or cast Ice magic. [Ru
                  | sacrifice]
  7055 | D:7      | Gained mutation: You cannot study or cast Transmutations
                  | magic. [Ru sacrifice]
  7055 | D:7      | Gained mutation: You cannot study or cast Conjurations
                  | magic. [Ru sacrifice]
  7055 | D:7      | Reached * piety under Ru
  7055 | D:7      | Reached ** piety under Ru
  7331 | D:8      | Reached skill level 8 in Fighting
  7887 | D:8      | Found a basalt altar of Yredelemnul.
  7895 | D:8      | Reached XP level 10. HP: 65/65 MP: 10/10
  7919 | D:8      | Reached skill level 9 in Fighting
  8079 | D:8      | Noticed a boulder beetle
  8874 | D:8      | Noticed a cyan ugly thing
  8884 | D:8      | Killed a cyan ugly thing
  9349 | D:8      | Killed a boulder beetle
  9350 | D:8      | Reached skill level 10 in Fighting
  9894 | D:8      | Identified the +4 whip of the Invisible Stories {vorpal,
                  | Str+6}
  9945 | D:8      | Found a staircase to the Lair.
 10182 | D:9      | Reached skill level 5 in Dodging
 10205 | D:9      | Noticed a two-headed ogre
 10213 | D:9      | Killed a two-headed ogre
 10214 | D:9      | Reached skill level 1 in Throwing
 10214 | D:9      | Reached XP level 11. HP: 28/73 MP: 11/11
 10251 | D:9      | Found an opulent altar of Gozag.
 10679 | D:9      | Noticed a two-headed ogre
 10695 | D:10     | Entered Level 10 of the Dungeon
 10945 | D:10     | Slain by a two-headed ogre

Illustrated notes

Levels and vault maps discovered:
D:1:      dpeg_arrival_tiny_c, layout_rooms
D:2:      layout_basic
D:3:      minmay_wonky_spiral, layout_rooms, nicolae_ru_sacrificial_ziggurat,
          shapermc_ecumenical_altar_gd
D:4:      layout_basic, nicolae_ashenzari_skybound, xom_teletrap_fun
D:5:      layout_rooms, serial_park_tiny_pond
D:6:      layout_basic, minmay_temple_entry_hall
D:7:      layout_basic
D:8:      minmay_blocky_corners, layout_basic, nicolae_yredelemnul_corpse_copse,
          lair_entry_dummy
D:9:      layout_basic, nicolae_gozag_cash_rules_everything_around_me,
          onia_ninara_cookie
D:10:     layout_loops_ring, marbit_many_paths, hiddenorc1_lemuel, special_room
          [special_room_bee], minivault_25_ag
Temple:   nicolae_temple_x_marks_the_god

Skill      XL: |  1  2  3  4  5  6  7  8  9 10 11 |
---------------+----------------------------------+-----
Fighting       | 4 5 6 7 8 10 | 10.9
Maces & Flails | 3 4 6 7 9 |  9.7
Armour         | 4 5 6 7 8 |  8.1
Shields        | 4 5 6 |  6.3
Dodging        | 1 2 3 4 5 |  5.3
Throwing       | 1 |  1.7

Action                   |  1- 3 |  4- 6 |  7- 9 | 10-12 || total
-------------------------+-------+-------+-------+-------++-------
Melee: Flail             |    57 |       |   228 |   224 ||   509
       Dagger            |    51 |       |       |       ||    51
       Hand axe          |    44 |   110 |    39 |       ||   193
Throw: Javelin           |       |       |       |     8 ||     8
       Throwing net      |       |       |       |     1 ||     1
Invok: Sacrifice Stealth |       |       |     1 |       ||     1
       Sacrifice Arcana  |       |       |     1 |       ||     1
Evoke: Wand              |       |       |       |     1 ||     1
  Use: Scroll            |       |     4 |    15 |     5 ||    24
       Potion            |       |       |       |     3 ||     3
 Stab: Invisible         |       |       |       |     1 ||     1
Armor: Scale mail        |    86 |    56 |   156 |    45 ||   343
       Plate armour      |       |       |       |    84 ||    84
Dodge: Dodged            |    58 |    41 |   182 |   103 ||   384
Block: Buckler           |    34 |    34 |    66 |    57 ||   191

Table legend: (Time is in decaauts)
 A = Elapsed time spent in this place.
 B = Non-inter-level travel time spent in this place.
 C = Inter-level travel time spent in this place.
 D = Time resting spent in this place.
 E = Time spent auto-exploring this place.
 F = Levels seen in this place.
 G = Mean time per level.
                   A        B        C        D        E       F      G
               +--------+--------+--------+--------+--------+-----+--------+
         Total |  11052 |  10961 |     91 |   4536 |   4462 |  11 | 1004.7 |
       Dungeon |  10994 |  10911 |     83 |   4536 |   4416 |  10 | 1099.4 |
        Temple |     58 |     50 |      8 |      0 |     46 |   1 |   58.0 |
               +--------+--------+--------+--------+--------+-----+--------+

Top non-repeatable levels by time:
     D:8: 2583 daAuts
     D:4: 1933 daAuts
     D:7: 1483 daAuts
     D:6: 1254 daAuts
     D:1: 798 daAuts
     D:5: 736 daAuts
     D:3: 723 daAuts
     D:2: 648 daAuts
     D:9: 585 daAuts
    D:10: 247 daAuts
  Temple: 58 daAuts
